 Dungeon Crawl Stone Soup version 0.28-a0-674-gdaf460b524 (webtiles) character file.

Game seed: 13641585523565088768

8 tatocazan the Skirmisher (level 2, 21/24 HPs)
             Began as a Demonspawn Fighter on Oct 17, 2021.
             Quit the game on level 1 of the Dungeon.
             The game lasted 00:00:10 (53 turns).

tatocazan the Skirmisher (Demonspawn Fighter)         Turns: 53, Time: 00:00:10

Health: 21/24      AC:  6    Str: 16    XL:     2   Next: 0%
Magic:  2/2        EV:  9    Int:  9    God:
Gold:   0          SH:  4    Dex: 12    Spells: 1/1 levels left

rFire   . . .      SeeInvis .   a - +0 war axe
rCold   . . .      Faith    .   c - +0 buckler
rNeg    . . .      Spirit   .   b - +0 scale mail
rPois   .          Reflect  .   (no helmet)
rElec   .          Harm     .   (no cloak)
rCorr   .          Rampage  .   (no gloves)
Will    .....                   (no boots)
Stlth   ..........              (no amulet)
HPRegen 0.08/turn               (no ring)
MPRegen 0.16/turn               (no ring)

@: no status effects
A: magic regeneration
a: no special abilities


You were on level 1 of the Dungeon.
You visited 1 branch of the dungeon, and saw 1 of its levels.

Inventory:

Hand Weapons
 a - a +0 war axe (weapon)
Armour
 b - a +0 scale mail (worn)
 c - a +0 buckler (worn)
Scrolls
 f - a scroll of teleportation {unknown}
Potions
 d - a potion of might
 e - a potion of degeneration {unknown}


   Skills:
 + Level 3.1 Fighting
 + Level 2.0 Axes
 + Level 2.8 Armour
 + Level 2.8 Shields


You had one spell level left.
You didn't know any spells.
Your spell library was empty.

Dungeon Overview and Level Annotations

Branches:
Dungeon (1/15)

Altars:


Innate Abilities, Weirdness & Mutations

You regenerate magic rapidly.


Message History

You barely miss the hobgoblin. You block the bat's attack.
The hobgoblin hits you but does no damage.
The dart slug bites you but does no damage.
The bat hits you but does no damage.
You slash the dart slug!
You kill the dart slug!
You hit the hobgoblin. You closely miss the bat. You block the bat's attack.
The hobgoblin hits you but does no damage.
The hobgoblin closely misses you.
You hit the hobgoblin.
You kill the hobgoblin!
You hit the dart slug.
Your scale mail prevents you from hitting the bat.
The bat closely misses you. The bat hits you but does no damage.
The dart slug bites you.
You take 1 damage, and have 17/18 hp.
You hit the dart slug but do no damage.
The dart slug is lightly wounded.
You closely miss the bat. You block the bat's attack.
The dart slug closely misses you.
You hit the dart slug.
The dart slug is moderately wounded.
You closely miss the bat. The bat hits you but does no damage.
You block the bat's attack. You block the dart slug's attack.
You hit the dart slug.
The dart slug is severely wounded.
You closely miss the bat. The bat hits you. The dart slug barely misses you.
You take 1 damage, and have 16/18 hp.
You hit the dart slug.
The dart slug is severely wounded.
You slash the bat!
You kill the bat!
The dart slug bites you but does no damage.
Your Axes skill increases to level 2!
You have reached level 2!
Your demonic ancestry asserts itself...
Your magic begins to regenerate rapidly.
You regained 5 hp, and now have 21/24 hp.
MP restored: 2 Are you sure you want to abandon this character and quit the game? (Confirm with "yes".)

. #####.#.##
#.#........#
.#.......[#
.........# ....
#........# ....
#........# .## ...
#..w.....# ... #.#
######@## #.##.#
#.......#..
#....####.#####.#.#
##......##..# ...
#...##..##.. #...#
#.##..##..# ..##.#
####.##..##..##..
.# †.##.##....##..#
.# #..........##<.#


You could see a dart slug.

Vanquished Creatures
  A dart slug (D:1)
  A ball python (D:1)
  A bat (D:1)
  2 hobgoblins (D:1)
5 creatures vanquished.

Notes
Turn   | Place    | Note
-------+----------+-------------------------------------------
     0 | D:1      | tatocazan the Demonspawn Fighter began the quest for the
                  | Orb.
     0 | D:1      | Reached XP level 1. HP: 18/18 MP: 1/1
    53 | D:1      | Gained mutation: You regenerate magic rapidly. [demonic
                  | ancestry]
    53 | D:1      | Reached XP level 2. HP: 21/24 MP: 2/2
    53 | D:1      | Quit the game

Illustrated notes

Levels and vault maps discovered:
D:1:      lightli_iron_boxes, layout_rooms

Skill      XL: |  1 |
---------------+----+-----
Axes           | 2 |  2.0
Fighting       | |  3.1
Armour         | |  2.8
Shields        | |  2.8

Action                   || total
-------------------------++-------
Melee: War axe           ||    10
Armor: Scale mail        ||    10
Dodge: Dodged            ||     8
Block: Buckler           ||     6

Table legend: (Time is in decaauts)
 A = Elapsed time spent in this place.
 B = Non-inter-level travel time spent in this place.
 C = Inter-level travel time spent in this place.
 D = Time resting spent in this place.
 E = Time spent auto-exploring this place.
 F = Levels seen in this place.
 G = Mean time per level.
                   A        B        C        D        E       F      G
               +--------+--------+--------+--------+--------+-----+--------+
         Total |     57 |     57 |      0 |      0 |     33 |   1 |   57.0 |
       Dungeon |     57 |     57 |      0 |      0 |     33 |   1 |   57.0 |
               +--------+--------+--------+--------+--------+-----+--------+

Top non-repeatable levels by time:
     D:1: 57 daAuts
